Map: Ascensão para Aiur LE

Players

Xipa - Winner!

  • Race: Terran Terran
  • League: Diamond
  • Spawn Location: 5:00

I.A. 1 (Muito fácil)

  • Race: Zerg Zerg
  • Spawn Location: 11:00

VOD

Have the link to the VOD?

Description

Widow mine + liberator into bio vs protoss

Time

  • Played on: Oct. 13, 2017, 12:08 a.m.
  • Length: 10:44
Show
View Real Time Build Order
Export as new Build Order

Xipa Terran - Winner!

Build Orders: Liberator Opening, MMM Bio 

Get SALT Encoding   

  12  0:02  SCV  
  13  0:14  SCV  
  14  0:17  Supply Depot  
  14  0:26  SCV  
  15  0:36  Refinery  
  15  0:42  SCV  
  16  0:46  Barracks  
  16  0:54  SCV  
  17  1:08  SCV  
  18  1:20  SCV  
  19  1:34  Marine  
  19  1:35  Orbital Command  
  20  1:46  Command Center  
  20  2:01  SCV  
  20  2:03  Barracks Reactor  
  20  2:05  Factory  
  20  2:19  SCV, Supply Depot  
  21  2:24  Refinery  
  21  2:31  SCV  
  22  2:39  Marine  
  22  2:40  Marine  
  22  2:43  SCV  
  25  2:53  Factory Reactor  
  25  2:56  SCV, Starport  
  26  3:00  Orbital Command  
  26  3:01  Marine  
  26  3:04  Marine  
  28  3:13  SCV  
  29  3:20  Marine  
  29  3:22  Marine  
  29  3:25  Liberator  
  29  3:26  SCV x2  
  33  3:38  SCV  
  33  3:39  Widow Mine  
  33  3:40  Marine x2  
  38  3:42  Medivac  
  38  3:44  SCV  
  44  3:50  Supply Depot  
  44  3:52  SCV  
  45  3:58  Marine  
  45  4:02  Supply Depot  
  46  4:11  SCV, Widow Mine, Marine  
  46  4:12  SCV  
  51  4:23  Medivac  
  53  4:24  SCV x2  
  53  4:26  Supply Depot  
  55  4:33  Marine  
  55  4:34  Marine  
  55  4:35  Supply Depot  
  55  4:36  SCV x2  
  59  4:39  Barracks  
  59  4:44  Refinery  
  59  4:48  SCV  
  60  4:53  SCV  
  60  4:56  Marine x2  
  60  4:57  Factory Tech Lab  
  60  4:59  Medivac x2  
  67  5:00  SCV  
  67  5:05  SCV  
  69  5:08  Supply Depot  
  69  5:11  Supply Depot  
  69  5:14  Marine x2  
  69  5:31  Medivac x2  
  69  5:32  Marine x2  
  69  5:33  Barracks Tech Lab  
  74  5:38  Engineering Bay  
  74  5:41  SCV x2, Engineering Bay  
  75  5:44  Command Center  
  75  5:45  Refinery  
  75  5:48  Supply Depot  
  75  5:54  Stimpack  
  75  5:56  Barracks, Marine  
  76  6:03  SCV  
  77  6:04  SCV  
  77  6:05  Marine x2  
  77  6:06  Medivac  
  82  6:15  SCV  
  82  6:18  Terran Infantry Armor Level 1  
  82  6:19  Barracks, Terran Infantry Weapons Level 1  
  82  6:21  Marine  
  83  6:31  Marine  
  83  6:32  Marine  
  84  6:37  SCV x2  
  86  6:46  Marine  
  88  6:49  SCV, Marine  
  88  6:50  Barracks Reactor  
  89  6:54  Marine  
  89  6:57  Orbital Command  
  89  7:00  Medivac x2  
  94  7:04  Marine  
  94  7:05  Armory  
  94  7:07  Marine  
  96  7:12  Marine  
  97  7:16  Orbital Command  
  97  7:22  Marine  
  98  7:25  Marine x2  
  98  7:29  Marine x2  
  102  7:32  Barracks  
  102  7:35  Barracks x2, Medivac x2  
  106  7:39  Combat Shields  
  106  7:41  Armory, Marine  
  106  7:42  Marine  
  108  7:46  SCV  
  108  7:47  SCV x2  
  111  7:51  Marine  
  111  7:52  Marine  
  111  7:53  Marine  
  111  7:54  Terran Ship Weapons Level 1  
  111  7:55  Marine  
  115  7:58  SCV  
  115  7:59  SCV  
  115  8:04  SCV, Marine x2  
  120  8:05  Supply Depot  
  120  8:09  Marine  
  120  8:10  SCV, Marine  
  120  8:11  SCV, Marine  
  125  8:15  Supply Depot  
  125  8:19  SCV  
  125  8:27  Marauder x2, Marine  
  125  8:28  Supply Depot  
  125  8:30  Supply Depot, Marine  
  125  8:32  Marine  
  125  8:33  Barracks Tech Lab  
  134  8:34  Barracks Tech Lab  
  134  8:35  Barracks Reactor  
  134  8:39  Supply Depot  
  132  8:45  Marine x2  
  134  8:49  Concussive Shells, Marauder  
  134  8:51  Marauder, Marine x2  
  134  8:52  Supply Depot  
  138  8:56  Supply Depot  
  138  8:59  Marine  
  138  9:00  Marine  
  140  9:02  Marine  
  140  9:03  SCV x2, Marine  
  140  9:06  Refinery  
  140  9:08  Marine  
  145  9:10  Marauder  
  145  9:11  Bunker  
  145  9:13  Supply Depot  
  145  9:14  SCV  
  145  9:15  SCV, Refinery  
  145  9:16  Medivac  
  151  9:18  Marine  
  152  9:25  SCV  
  152  9:26  SCV  
  152  9:27  Factory Reactor  
  154  9:33  Starport  
  154  9:34  Marine x2  
  154  9:37  Unknown  
  156  9:40  Marine x2  
  156  9:41  Marauder  
  160  9:46  Marauder, Marine x3  
  160  9:47  Marauder  
  160  9:49  Medivac x2  
  160  9:52  Marine  
  172  9:53  Unknown  
  172  10:02  Marine  
  172  10:03  Marauder, Marine x2  
  172  10:04  Marauder  
  178  10:16  Marine x3  
  178  10:17  Marauder x2  
  178  10:20  Marine  
  186  10:23  Marine x2  
  192  10:28  Fusion Core  
Show
View Real Time Build Order
Export as new Build Order

I.A. 1 (Muito fácil) Zerg 

Build Orders: Pool First 

Get SALT Encoding   

  12  0:01  Drone  
  13  0:12  Overlord  
  13  0:16  Drone  
  14  0:35  Spawning Pool  
  13  0:36  Extractor  
  13  0:40  Drone  
  13  0:47  Drone  
  14  0:53  Overlord  
  14  1:22  Zergling x2, Queen  
  17  1:35  Roach Warren  
  17  1:37  Extractor  
  15  1:40  Drone  
  16  1:47  Drone  
  16  1:52  Zergling x2  
  18  2:07  Drone  
  19  2:14  Drone  
  20  2:22  Zergling x2  
  21  2:23  Drone  
  22  2:32  Overlord  
  22  2:37  Drone  
  23  2:45  Drone  
  24  2:52  Roach, Drone  
  27  5:17  Drone  
  27  5:20  Zergling x2  
  25  5:42  Queen  
  23  5:44  Drone  
  23  5:49  Roach  
  18  5:51  Drone  
  8  5:58  Drone  
  7  6:05  Drone  
  6  6:13  Drone  
  6  6:18  Roach  
  8  6:20  Drone  
  8  6:27  Drone  
  8  6:34  Drone  
  8  6:41  Drone  
  8  6:46  Roach  
  11  6:48  Drone  
  12  6:56  Drone  
  13  7:03  Drone  
  13  7:10  Drone  
  14  7:16  Zergling x2  
  14  7:17  Drone  
  16  7:25  Drone  
  17  7:32  Drone  
  17  7:36  Lair  
  16  7:39  Drone  
  17  7:46  Drone  
  17  7:50  Hatchery  
  17  7:52  Zergling x2  
  17  7:53  Drone  
  19  8:01  Drone  
  20  8:08  Drone  
  19  8:15  Drone  
  17  8:22  Drone  
  14  8:28  Roach  
  14  8:30  Drone  
  14  8:33  Overseer  
  17  8:37  Drone, Overseer  
  16  8:44  Drone  
  17  8:51  Drone  
  18  8:58  Drone  
  19  9:04  Roach  
  19  9:06  Drone  
  22  9:13  Drone  
  23  9:20  Drone  
  24  9:27  Drone  
  25  9:34  Drone  
  26  9:39  Roach  
  26  9:42  Drone  
  24  9:49  Drone  
  19  10:14  Overlord  
Tags
 
Add a new tag
Caveats
  • Supply blocks, unpowered buildings, or Contaminate may cause inaccurate times.
  • Supply counts are checked every 10 seconds.